[Event "*** Titled Tuesday Blitz"]
[Site "Chess.com"]
[Date "2021.04.20"]
[Round "11"]
[White "HouseOfDurin"]
[Black "WiktoriaPOL"]
[Result "1-0"]
[WhiteElo "2130"]
[BlackElo "2047"]
[TimeControl "180+1"]
[EndTime "12:07:14 PDT"]
[Termination "HouseOfDurin won by checkmate"]

1. d4 d5 2. Bg5 h6 3. Bh4 g5 4. Bg3 Bg7 5. e3 Nf6 6. Bd3 Ne4 7. Bxe4 dxe4 8. c4 O-O 9. Nc3 f5 10. f3 f4 11. Bf2 fxe3 12. Bxe3 exf3 13. Nxf3 e5 14.
Nxe5 Bxe5 15. dxe5 Qe7 16. Qd5+ Be6 17. Qxb7 Nd7 18. O-O-O Rab8 19. Qxc7 Rfc8 20. Qd6 Qxd6 21. Rxd6 Bf5 22. Bxa7 Ra8 23. Bd4 Rxc4 24. e6 Nc5 25. Rd5 Nd3+ 26. Kd2 Bxe6 27. Kxd3 Bxd5 28. Nxd5 Raa4 29. Bc3 Rh4 30. g3 Rh3 31. Nf6+ Kf7 32. Ne4 g4 33. Rf1+ Ke7 34. Rf2 Rxa2 35. Nf6 Ra6 36.
Nxg4 h5 37. Ne3 h4 38. Nd5+ Kd8 39. Nf4 hxg3 40. Nxh3 gxf2 41. Nxf2 Rh6 42. Be5 Ke7 43. Ke4 Rh4+ 44. Bf4 Ke6 45. Nd3 Rh8 46. b4 Rc8 47.
Nc5+ Kf6 48. Kd4 Kf5 49. Bg3 Rd8+ 50. Kc4 Rd1 51. b5 Rc1+ 52. Kd5 Rd1+ 53. Kc6 Rc1 54. b6 Rb1 55. b7 Kg4 56. b8=Q Rxb8 57. Bxb8 Kh3 58. Bg3 Kg2 59. Kd5 Kh3 60. Ke5 Kg4 61.
Ke4 Kh3 62. Ke3 Kg4 63. Kf2 Kh3 64. Nd3 Kg4 65. Kg2 Kh5 66. h4 Kh6 67. Kh3 Kh5 68. Nf4+ Kh6 69. Kg4 Kh7 70. h5 Kh6 71. Bh4 Kh7 72.
Kg5 Kg7 73. h6+ Kh7 74. Kh5 Kh8 75. Kg6 Kg8 76. h7+ Kh8 77. Bf6# 1-0

[Event "*** Titled Tuesday Blitz"]
[Site "Chess.com"]
[Date "2021.04.20"]
[Round "11"]
[White "sokidze"]
[Black "Oleksandr_Bortnyk"]
[Result "0-1"]
[WhiteElo "2761"]
[BlackElo "2952"]
[TimeControl "180+1"]
[EndTime "12:07:16 PDT"]
[Termination "Oleksandr_Bortnyk won by checkmate"]

1. d4 d6 2. e4 Nf6 3. Nc3 Nbd7 4. g3 c5 5. Nge2 g6 6. Bg2 cxd4 7. Nxd4 Bg7 8. O-O O-O 9. h3 a6 10. a4 Nc5 11. Bg5 Ne6 12. Nxe6 Bxe6 13. Nd5 Bxd5 14. exd5 Qb6 15. Rb1 Rac8 16. c3 Rfe8 17. Re1 Qa5 18. Ra1 h6 19. Be3 Nd7 20. Bd4 Bxd4 21. Qxd4 Qc5 22.
Qh4 Kg7 23. Rxe7 g5 24. Qe4 Nf6 25. Qe2 Rxe7 26. Qxe7 Qb6 27. Qe2 Re8 28. Qd2 Re5 29. b4 a5 30. Kh1 Rf5 31. Rf1 axb4 32. cxb4 Qa6 33. Ra1 Qc4 34. Rc1 Qa6 35. a5 Qb5 36. Rc7 Nxd5 37. Qd4+ Nf6 38. Rc1 Qe2 39. Rf1 d5 40.
Kg1 h5 41. Qb6 g4 42. h4 Qb2 43. Qxb7 d4 44. Qb6 d3 45. Qe3 d2 46. Qd3 Re5 47.
f4 Re1 48. Kh2 d1=Q 49. Qxd1 Rxd1 50. Rxd1 Qxb4 51. a6 Qa3 52. Rf1 Qxa6 53. Re1 Qa3 54. Rf1 Qe3 55. Rg1 Ne4 56. Bxe4 Qxe4 57. Rg2 Qe3 58. Kh1 Kf6 59. Kh2 Ke6 60. Kh1 Kd5 61. Kh2 Ke4 62. Kh1 Kf3 63. Kh2 Qe1 64. Rg1 Qxg1+ 65.
Kxg1 Kxg3 66. f5 Kxh4 67. Kh2 Kg5 68. Kg2 Kxf5 69. Kg3 Kg5 70. Kg2 h4 71. Kh2 f5 72.
Kg2 f4 73. Kh2 Kf5 74. Kg2 Ke4 75. Kf2 f3 76. Kf1 g3 77. Kg1 h3 78. Kf1 h2 79.
Ke1 Kd3 80. Kf1 h1=Q# 0-1

[Event "*** Titled Tuesday Blitz"]
[Site "Chess.com"]
[Date "2021.04.20"]
[Round "11"]
[White "DanielTitichoca"]
[Black "iulik86"]
[Result "1/2-1/2"]
[WhiteElo "2333"]
[BlackElo "2575"]
[TimeControl "180+1"]
[EndTime "12:07:23 PDT"]
[Termination "Game drawn - insufficient material"]

1. e4 c5 2. Nf3 Nc6 3. d4 cxd4 4.
Nxd4 Nf6 5. Nc3 d6 6. Bg5 g6 7. Bxf6 exf6 8. Qd2 Bg7 9. O-O-O O-O 10. Nxc6 bxc6 11.
Qxd6 Qa5 12. Bc4 f5 13. exf5 Bxf5 14. Bb3 Bxc3 15. bxc3 Qxc3 16. Qd4 Qa5 17. h4 c5 18. Qf6 Rab8 19. h5 c4 20. h6 Qa3+ 21. Kd2 Rfd8+ 22. Ke3 Qf8 23. Bxc4 Rxd1 24. Rxd1 Qxh6+ 25. f4 Qf8 26. Bb3 Bg4 27. Rd6 Re8+ 28. Kf2 Qe7 29. Qxe7 Rxe7 30. Rd8+ Kg7 31. c4 Rc7 32. Rd5 Be6 33. Rd4 h5 34. g3 Kf6 35. Rd6 Ke7 36. Ra6 Kd8 37. Ke3 Kc8 38.
Ra4 Kb7 39. Rb4+ Kc6 40. Ra4 Kc5 41. Ra5+ Kb4 42. Rb5+ Kc3 43. c5 Bxb3 44. axb3 Re7+ 45. Kf3 Kd4 46. c6 Re6 47. Rb7 Rxc6 48. Rxa7 Rf6 49. Re7 Kc3 50. Re3+ Kb4 51. Rd3 Re6 52. Kf2 Ka3 53.
Kf3 Rb6 54. Ke4 f6 55. Kd5 g5 56. fxg5 fxg5 57. Ke4 Rb5 58. Kf3 Kb2 59. Ke4 Kc2 60. Rf3 Rb4+ 61. Kf5 Rg4 62. b4 Rxb4 63. Kxg5 Rb5+ 64.
Kh4 Kd2 65. Rf4 Ke2 66. Rf8 Ke3 67. g4 hxg4 68. Kxg4 Kd4 69. Rf4+ Kc3 70. Rf5 Rxf5 71. Kxf5 1/2-1/2

[Event "*** Titled Tuesday Blitz"]
[Site "Chess.com"]
[Date "2021.04.20"]
[Round "11"]
[White "lucachess49"]
[Black "MatyChess1"]
[Result "1/2-1/2"]
[WhiteElo "2447"]
[BlackElo "2619"]
[TimeControl "180+1"]
[EndTime "12:07:29 PDT"]
[Termination "Game drawn - insufficient material"]

1. d4 d5 2. c4 e6 3. Nc3 Bb4 4. Nf3 dxc4 5. e3 b5 6. a4 c6 7. Bd2 Bb7 8. b3 a5 9. axb5 cxb5 10. bxc4 Bxc3 11. Bxc3 b4 12. Bb2 Nf6 13. Bd3 O-O 14. O-O Nbd7 15. Nd2 e5 16. dxe5 Nxe5 17. Bxe5 Qxd3 18. Bxf6 gxf6 19. Nb3 Qxd1 20. Rfxd1 a4 21. Nc5 Bc6 22. Rdb1 Rfb8 23. f3 Kf8 24. Kf2 Ke7 25. Ke2 Kd6 26. Nd3 b3 27. Ra3 Bd7 28. Kd2 Bf5 29. e4 Be6 30. Kc3 f5 31. e5+ Kc6 32. f4 Ra5 33. Rba1 Rba8 34. Nb2 Bd7 35. Rxa4 Rxa4 36. Rxa4 Rg8 37. g3 h5 38. Kxb3 h4 39.
Ra6+ Kc7 40. Ra7+ Kc6 41. Nd3 Be6 42. gxh4 Rg4 43. Ra6+ Kc7 44. Nc5 Bc8 45. Rf6 Rxf4 46. Rxf7+ Kc6 47. Nd3 Rf3 48. Rf6+ Kc7 49. Kc3 Rh3 50.
Rh6 f4 51. Kd4 f3 52. Rh7+ Kd8 53. h5 Bf5 54. Rh8+ Ke7 55. Nf2 Rxh2 56. Ke3 Be6 57. c5 Rh4 58. h6 Kf7 59. Kxf3 Rc4 60. Ne4 Bd5 61. h7 Bxe4+ 62. Ke3 Kg7 63. Rg8+ Kxh7 64. Rg4 Bd5 65. Rxc4 Bxc4 66. c6 Be6 67. Kd4 Kg6 68. Kc5 Kf5 69. Kd6 Bc8 70. c7 Be6 71.
Ke7 Kxe5 72. Kd8 Kd6 73. c8=Q Bxc8 1/2-1/2

[Event "*** Titled Tuesday Blitz"]
[Site "Chess.com"]
[Date "2021.04.20"]
[Round "11"]
[White "Nikolaj_6"]
[Black "Volodar_Murzin"]
[Result "1-0"]
[WhiteElo "2633"]
[BlackElo "2710"]
[TimeControl "180+1"]
[EndTime "12:07:30 PDT"]
[Termination "Nikolaj_6 won on time"]

1. e4 c6 2. d4 d5 3. e5 Bf5 4. h4 h5 5. Bd3 Bxd3 6. Qxd3 Qa5+ 7. Nd2 e6 8. Ne2 Nh6 9. O-O Nf5 10. g3 Be7 11. b3 Nd7 12. Nf3 Rd8 13. Bg5 c5 14. Bxe7 Kxe7 15. c4 dxc4 16. bxc4 cxd4 17. Nexd4 Nxd4 18. Qxd4 Rh6 19. Rad1 Rg6 20. Qf4 Rg4 21. Qe3 Rc8 22. Rd4 Qc5 23. Rfd1 Nb6 24. Qd3 Rxd4 25. Nxd4 Nxc4 26. Nb3 Qc6 27. Qe2 Rd8 28. Rxd8 Kxd8 29.
Qxh5 g6 30. Qh8+ Qe8 31. Qg7 Kc7 32. Nc5 Kb6 33. Ne4 Qd7 34. Nd6 Nxd6 35. exd6 Qxd6 36. Qxf7 Qd1+ 37. Kg2 Qd5+ 38. Kg1 Qe4 39. Qf8 Ka6 40. Qa3+ Kb6 41. Qb2+ Kc6 42. Qc3+ Kd7 43. Qa5 a6 44. a4 Ke8 45. Qb6 Kf8 46. a5 Kf7 47.
Qc7+ Kf6 48. Kh2 Qf3 49. Qf4+ Qxf4 50. gxf4 Kf5 51. Kg3 Kf6 52. Kg4 Kg7 53. Kg5 Kf7 54.
h5 gxh5 55. Kxh5 Kf6 56. Kg4 Kg6 57. Kf3 Kf5 58. Ke3 Kf6 59. Ke4 Ke7 60. f5 Kf6 61.
fxe6 Kxe6 62. f4 Kd6 63. f5 Ke7 64. Ke5 Kf7 65. Kd6 Kf6 66. Kc7 Kxf5 67. Kxb7 Ke6 68. Kxa6 Kd5 69. Kb7 1-0

[Event "*** Titled Tuesday Blitz"]
[Site "Chess.com"]
[Date "2021.04.20"]
[Round "11"]
[White "Sadykov_Ramil"]
[Black "yuki_chess123"]
[Result "0-1"]
[WhiteElo "2477"]
[BlackElo "2289"]
[TimeControl "180+1"]
[EndTime "12:07:33 PDT"]
[Termination "yuki_chess123 won on time"]

1. d4 Nf6 2. Bf4 c6 3. Nc3 d5 4. e3 Qb6 5. Rb1 Bg4 6. f3 Bh5 7. g4 Bg6 8. h4 h5 9. g5 Nfd7 10. Bd3 Bxd3 11. Qxd3 g6 12. Bxb8 Rxb8 13. f4 e6 14. Nf3 c5 15. Kf2 cxd4 16. exd4 Bd6 17.
Ne2 O-O 18. c3 Rbc8 19. Qe3 Qa6 20. a3 Nb6 21. Ne5 Nc4 22. Nxc4 dxc4 23. Ng3 Qc6 24. Ne4 Be7 25. Rhe1 Rfd8 26. Rbd1 Rd5 27. Kg3 Rf5 28. Nd2 Bd6 29. Rf1 Qc7 30. Ne4 Rd8 31. Rf3 Be7 32. Rdf1 Rdd5 33. Kg2 Kg7 34. Ng3 Bd6 35.
Nxf5+ Rxf5 36. Qe4 Rd5 37. f5 gxf5 38. Qe2 Kg6 39. Re3 Qd7 40. Qf3 Bb8 41. Rf2 Qd6 42.
Kh1 b5 43. Re1 a6 44. Rg1 Bc7 45. Rgf1 Bb8 46. Qh3 Bc7 47. Re2 Bb8 48. Rfe1 Qc6 49. Kg1 Qd6 50. Qf3 Bc7 51. Re5 Rxe5 52. Rxe5 Qd7 53.
Re2 Qd6 54. Kf1 Qd7 55. d5 exd5 56. Kg2 Qd6 57. Kf1 f4 58. Rd2 Qe5 59. Qxd5 Qe3 60.
Re2 Qh3+ 61. Ke1 f3 62. Rf2 Bg3 63. Qe4+ Kg7 64. Qd4+ Kh7 65. Qe4+ Kg7 66. Qd4+ Kg8 67. Qd8+ Kg7 68. Qf6+ Kg8 69. Qd8+ Kh7 70. Qf6 Qh1+ 71.
Kd2 Bxf2 0-1

[Event "*** Titled Tuesday Blitz"]
[Site "Chess.com"]
[Date "2021.04.20"]
[Round "11"]
[White "c_r_e_e_p_e_r"]
[Black "Anna_ChessMate"]
[Result "1/2-1/2"]
[WhiteElo "2401"]
[BlackElo "2578"]
[TimeControl "180+1"]
[EndTime "12:07:34 PDT"]
[Termination "Game drawn by repetition"]

1. e4 c6 2. d4 d5 3. exd5 cxd5 4. c4 Nf6 5. Nc3 Nc6 6. Nf3 Bg4 7. cxd5 Nxd5 8. Qb3 Bxf3 9. gxf3 Nb6 10. Be3 e6 11.
O-O-O Be7 12. Kb1 O-O 13. Rg1 Nb4 14. Ne4 Re8 15. Bb5 Nd7 16. Nc5 Bxc5 17. dxc5 Nd5 18. Bd4 g6 19. Qd3 a6 20. Ba4 Qe7 21. f4 Red8 22. Rc1 Nxf4 23. Qe4 Nh5 24. Rcd1 Ndf6 25. Qe3 Rd5 26. Bb3 Rf5 27. Bc2 Rd5 28. Rg5 Rad8 29. Rxd5 Rxd5 30. Bb3 Rd8 31. Re1 Qd7 32. Rd1 Qc6 33.
f3 Qc7 34. Bc2 Qxh2 35. Rd2 Qh1+ 36. Rd1 Qh2 37. a3 Qh4 38. Ka2 Nd5 39. Qe5 Qf6 40. Qe4 Qf5 41. Qe2 Qf4 42. Be4 Ng3 43. Qg2 Nxe4 44.
fxe4 Ne7 45. Be5 Qxe5 46. Rxd8+ Kg7 47. Qc2 Nc6 48. Rd7 h5 49. Rxb7 h4 50. Qf2 Qf6 51. Qxf6+ Kxf6 52. Rb6 Ne5 53. c6 h3 54. Rb3 Nxc6 55.
Rxh3 g5 56. b4 g4 57. Rh1 Ke5 58. Kb3 g3 59. a4 Kf4 60. b5 axb5 61. axb5 Ne5 62.
b6 g2 63. Rg1 Kf3 64. b7 Nd7 65. Rd1 Nb8 66. Kc4 Ke2 67. Rb1 Kf2 68. Kc5 g1=Q 69. Rxg1 Kxg1 70. Kb6 f5 71. exf5 exf5 72. Kc7 Na6+ 73.
Kb6 Nb8 74. Kc7 Na6+ 75. Kb6 Nb8 1/2-1/2

[Event "*** Titled Tuesday Blitz"]
[Site "Chess.com"]
[Date "2021.04.20"]
[Round "11"]
[White "RD4ever"]
[Black "Sibelephant"]
[Result "0-1"]
[WhiteElo "2888"]
[BlackElo "3092"]
[TimeControl "180+1"]
[EndTime "12:07:39 PDT"]
[Termination "Sibelephant won on time"]

1. d4 d5 2. c4 e6 3. Nf3 a6 4.
cxd5 exd5 5. Nc3 c6 6. e4 dxe4 7. Nxe4 Nf6 8. Nc3 Bd6 9. Bc4 Qe7+ 10. Be3 Be6 11. Bb3 O-O 12. O-O Nbd7 13. Re1 Bxb3 14. Qxb3 Qe6 15. Qc2 Qg4 16. h3 Qg6 17. Qb3 b5 18. Rac1 Rfe8 19. a4 h6 20. Qc2 Qxc2 21. Rxc2 Nb6 22. b3 Bb4 23. Rec1 Re6 24. Na2 Ba3 25.
Rd1 bxa4 26. bxa4 Nxa4 27. Ne5 Rc8 28. Ra1 Bf8 29. Nc1 Nb6 30. Rxa6 Nfd5 31. Ncd3 f6 32. Ng6 Nxe3 33. fxe3 Nd5 34. Ndf4 Nxf4 35. exf4 Rd6 36. f5 Rxd4 37. Raxc6 Rd1+ 38. Kf2 Rxc6 39. Rxc6 Rd8 40. Kf3 Bd6 41. g4 Bb8 42. Ke4 Bd6 43. h4 Ba3 44. Ra6 Bc5 45. Nf4 Rd4+ 46. Kf3 Rd7 47. Ra8+ Kf7 48.
Ne6 Be7 49. Ke4 Rb7 50. Rc8 Rb4+ 51. Kf3 h5 52. gxh5 Rxh4 53. Rh8 Ra4 54. h6 gxh6 55.
Rh7+ Ke8 56. Nc7+ Kf8 57. Ne6+ Ke8 58. Rxh6 Ra3+ 59. Ke4 Ra4+ 60. Kd5 Ra5+ 61. Kc6 Ba3 62. Rh8+ Kf7 63. Rh7+ Ke8 64. Nc7+ Kf8 65. Ne6+ Kg8 66.
Rg7+ Kh8 67. Rf7 Rxf5 68. Nd4 Rf4 69. Ne6 Rf5 70. Nd4 Rc5+ 0-1

[Event "*** Titled Tuesday Blitz"]
[Site "Chess.com"]
[Date "2021.04.20"]
[Round "11"]
[White "OriTaichman"]
[Black "ChessQueen"]
[Result "0-1"]
[WhiteElo "2558"]
[BlackElo "2701"]
[TimeControl "180+1"]
[EndTime "12:07:41 PDT"]
[Termination "ChessQueen won by resignation"]

1. e4 c5 2. b3 Nc6 3. Bb2 e5 4. f4 d6 5. Nf3 Bg4 6. fxe5 dxe5 7.
Bb5 Bd6 8. Bxc6+ bxc6 9. O-O f6 10. Na3 Nh6 11. Nc4 Be7 12. h3 Be6 13. d3 O-O 14. Nh4 Qd7 15. g4 Nf7 16. Qe2 Rab8 17. Bc1 Kh8 18. Be3 Nd6 19. Nf5 Nb5 20. Qf2 Rf7 21. Nxe7 Qxe7 22. Bxc5 Qd7 23. Qe3 Nd4 24.
Bxd4 exd4 25. Qf4 Rd8 26. Rab1 Qe7 27. Kh2 Qc5 28. Rf2 h5 29. Kg3 Kg8 30. Rh1 h4+ 31. Kh2 a5 32. Qd2 a4 33. Rg1 Bxc4 34. bxc4 Qe5+ 35. Qf4 Qxf4+ 36. Rxf4 Rb8 37. g5 fxg5 38. Rxf7 Kxf7 39. Rxg5 Rb2 40. Rf5+ Ke6 41. Rc5 Rxc2+ 42. Kg1 Kd6 43. Rg5 Rxa2 44. c5+ Ke6 45. Rg6+ Ke5 46. Rxc6 Kf4 47. Ra6 Kg3 48. Kf1 Kf3 49. Ke1 Ke3 50.
Kf1 Kxd3 51. e5 Ke3 52. e6 Kf3 53. Ke1 d3 54. e7 Re2+ 55. Kd1 Rxe7 56. Rxa4 Rc7 57. Rg4 Ke3 58. Rxh4 Rxc5 59. Rg4 Rf5 60. Rg3+ Rf3 61. Rxf3+ Kxf3 62. Kd2 Kg3 63. Kxd3 Kxh3 64. Ke3 g5 65. Kf2 g4 66. Kg1 Kg3 67. Kh1 Kf3 68. Kh2 Kf2 69. Kh1 Kg3 70. Kg1 Kh3 71.
Kh1 g3 72. Kg1 g2 73. Kf2 Kh2 74. Kf3 g1=Q 0-1

[Event "*** Titled Tuesday Blitz"]
[Site "Chess.com"]
[Date "2021.04.20"]
[Round "11"]
[White "enriquetejedor"]
[Black "Piotrek1979"]
[Result "1/2-1/2"]
[WhiteElo "2599"]
[BlackElo "2416"]
[TimeControl "180+1"]
[EndTime "12:07:46 PDT"]
[Termination "Game drawn by repetition"]

1. b4 d5 2. Bb2 Nf6 3. e3 Bf5 4. h3 e6 5. g4 Be4 6. f3 Bg6 7. h4 h5 8. g5 Nfd7 9. a3 e5 10. c4 c6 11. cxd5 cxd5 12. Nc3 Nb6 13. Bb5+ Nc6 14. Nge2 Bd6 15. Qb3 a6 16. Bxc6+ bxc6 17. e4 O-O 18. d3 a5 19. O-O Qd7 20. Kg2 a4 21. Qc2 f6 22. Bc1 fxg5 23. Bxg5 Be7 24. Qd2 dxe4 25. dxe4 Qxd2 26. Bxd2 Nc4 27. Bg5 Bxg5 28.
hxg5 Ne3+ 29. Kf2 Nxf1 30. Rxf1 Rfd8 31. Ke3 Bf7 32. f4 Bc4 33. f5 Rd3+ 34. Kf2 h4 35.
Rh1 Rd2 36. Rxh4 Bxe2 37. Nxe2 Rad8 38. Rh1 R8d3 39. Rc1 Rxa3 40. Rxc6 Raa2 41. Kf3 Rxe2 42. Kg4 Kf8 43. Kh5 Rxe4 44. Rc8+ Ke7 45. Rc7+ Kd6 46.
Rxg7 Rh2+ 47. Kg6 a3 48. Ra7 a2 49. Ra6+ Kd5 50. Ra5+ Kc4 51. f6 Kxb4 52. Ra8 Rf4 53. Kg7 e4 54. g6 e3 55. f7 e2 56.
Rxa2 e1=Q 57. Rxh2 Qe5+ 58. Kh7 Rxf7+ 59. gxf7 Qxh2+ 60. Kg7 Qe5+ 61. Kg8 Qg5+ 62. Kh7 Qf6 63. Kg8 Qg6+ 64.
Kh8 Qh5+ 65. Kg7 Qg5+ 66. Kh8 Qe5+ 67. Kg8 Qe6 68. Kh8 Qe7 69. Kg8 Qg5+ 70. Kh7 Qe7 71. Kg8 Qe6 72. Kg7 Qd7 73. Kg8 Qd5 74.
Kg7 Qg5+ 75. Kh8 Qh6+ 76. Kg8 Qg6+ 77. Kh8 Qd6 78. Kg7 Qe7 79. Kg8 1/2-1/2

[Event "*** Titled Tuesday Blitz"]
[Site "Chess.com"]
[Date "2021.04.20"]
[Round "11"]
[White "Harry_Rakkel"]
[Black "Orest_Vovk"]
[Result "1-0"]
[WhiteElo "2610"]
[BlackElo "2472"]
[TimeControl "180+1"]
[EndTime "12:07:47 PDT"]
[Termination "Harry_Rakkel won by resignation"]

1. d4 f5 2. c4 Nf6 3. Nc3 e6 4. Bg5 Be7 5. Qc2 O-O 6. O-O-O d5 7. e3 c6 8. Kb1 Ne4 9. Bxe7 Qxe7 10. f4 Bd7 11. Nf3 Be8 12. h3 Bh5 13. Bd3 Ng3 14. Rhe1 Nd7 15. Rc1 Nf6 16. Ne5 Qb4 17. cxd5 cxd5 18.
Qa4 Qe7 19. Rc2 Be8 20. Qb3 b6 21. Rec1 Bd7 22. a4 Rfc8 23. Ba6 Re8 24. Nb5 Bxb5 25. Bxb5 Red8 26. Rc7 Qf8 27. Bd7 Nxd7 28. Nxd7 Qe8 29. Qb5 Ne4 30. Ka2 Nd2 31. b3 Ne4 32. Ne5 Qxb5 33.
axb5 a6 34. bxa6 Rxa6+ 35. Kb2 h6 36. Rc8 Ra8 37. Rxa8 Rxa8 38. Rc6 b5 39. Rxe6 Rc8 40. Rb6 Nc3 41. Ka3 Nd1 42. Kb4 Ra8 43. Rxb5 Nxe3 44.
g4 Nc2+ 45. Kc3 Rc8+ 46. Kd3 Ne1+ 47. Kd2 Ng2 48. Ng6 fxg4 49. hxg4 Kh7 50. f5 Ra8 51.
Rxd5 Ra2+ 52. Kc3 Ra8 53. Rd7 Ne3 54. b4 Nxg4 55. b5 Nf6 56. Rf7 Nd5+ 57. Kc4 Nf6 58. b6 Rb8 59. b7 h5 60. Kc5 Kh6 61. Kb6 Kg5 62. Ne5 Kxf5 63. Rxg7 Nd5+ 64. Ka7 Rxb7+ 65. Kxb7 h4 66. Rh7 Kg5 67. Nf3+ Kg4 68. Nxh4 Nf6 69.
Rh8 Kf4 70. Kc6 Ke4 71. Rd8 Ng4 72. Ng6 Ne3 73. d5 Nc4 74. d6 Kf5 75. Rg8 Na5+ 76. Kb5 Nb7 77. Kc6 Nxd6 78. Kxd6 Kf6 79. Rf8+ Kg7 80. Ke7 Kxg6 81. Rf7 Kg5 82. Ke6 Kg6 83. Rf6+ Kg5 84. Rf5+ 1-0

[Event "*** Titled Tuesday Blitz"]
[Site "Chess.com"]
[Date "2021.04.20"]
[Round "11"]
[White "platy3"]
[Black "Aradhya2000"]
[Result "1-0"]
[WhiteElo "2843"]
[BlackElo "2639"]
[TimeControl "180+1"]
[EndTime "12:07:51 PDT"]
[Termination "platy3 won by resignation"]

1. e4 e5 2. Nf3 Nc6 3. Bc4 Nf6 4. Ng5 d5 5. exd5 Na5 6. Bb5+ Bd7 7. Qe2 Be7 8. O-O O-O 9. Nc3 c6 10. dxc6 Nxc6 11. Nf3 Re8 12. d3 Nd4 13. Nxd4 exd4 14. Bxd7 Qxd7 15. Ne4 Nxe4 16. dxe4 Rac8 17. Bf4 Qc6 18.
Rac1 Bf6 19. Rfe1 Qb6 20. b3 Be7 21. a4 Rc6 22. Red1 Ba3 23. Ra1 Bc5 24. Qd3 Rce6 25. Re1 Qc6 26. f3 f5 27. e5 g6 28. Re2 a5 29. h4 Bb6 30. Rae1 Bc7 31. Kh1 Qc5 32. Qb5 Qxb5 33. axb5 Rb6 34. Rd1 Rxb5 35. Rxd4 Bxe5 36. Rd7 a4 37. Rxe5 Rexe5 38. Bxe5 Rxe5 39. bxa4 Ra5 40. Rd4 Rc5 41. c4 h6 42. g3 Kg7 43. Kg2 Kf6 44.
Rd6+ Kf7 45. Rd7+ Kf6 46. Rxb7 Rxc4 47. Ra7 Rc2+ 48. Kh3 Rc3 49. f4 Ra3 50. a5 Ra2 51. a6 h5 52. Ra8 Kg7 53. Ra7+ Kh6 54. Ra8 Kh7 55. a7 Kg7 56. Rc8 Rxa7 57. Rc1 Rf7 58. Rd1 Re7 59. Rg1 Kf6 60. Rg2 Ke6 61. Rb2 Kf6 62. Rb6+ Re6 63. Rb8 Re7 64. Rb6+ Kf7 65.
Rb8 Re2 66. Rb7+ Kf6 67. Rb6+ Kf7 68. Rb8 Ke6 69. Re8+ Kf7 70. Rxe2 Kf6 71. Kg2 Kf7 72. Kf3 Kf6 73. Ke3 Kf7 74. Kd4 Kf6 75. Kd5 Kf7 76. Ke5 Ke7 77. Ra2 Kd7 78. Ra7+ Kc6 79. Rg7 Kc5 80. Rxg6 Kc4 81. Kxf5 Kd3 82. g4 hxg4 83.
Kxg4 Ke3 84. f5 Ke4 85. h5 Ke5 86. h6 Kd5 87. h7 Ke5 88. h8=Q+ 1-0

[Event "*** Titled Tuesday Blitz"]
[Site "Chess.com"]
[Date "2021.04.20"]
[Round "11"]
[White "Cptn2"]
[Black "ErikRonka"]
[Result "1-0"]
[WhiteElo "2603"]
[BlackElo "2478"]
[TimeControl "180+1"]
[EndTime "12:08:00 PDT"]
[Termination "Cptn2 won by checkmate"]

1. e4 c6 2. Nf3 d5 3. Nc3 dxe4 4. Nxe4 Nd7 5. Bc4 Ngf6 6. Qe2 Nxe4 7. Qxe4 Nf6 8. Ne5 e6 9. Qe2 b5 10. Bb3 Qc7 11. c3 a6 12. d4 Bb7 13. Bf4 Bd6 14.
O-O O-O 15. Bg3 Rfe8 16. a4 b4 17. a5 c5 18. dxc5 Qxc5 19. cxb4 Qxb4 20. Bc2 Be7 21. Ra4 Qb5 22. Qxb5 axb5 23. Raa1 Bb4 24. Bd3 Rxa5 25. Rxa5 Bxa5 26. Bxb5 Rc8 27. Nc4 Bb4 28. Rd1 Ne4 29.
h3 Nxg3 30. fxg3 h6 31. Rd7 Bd5 32. b3 Ra8 33. Kf2 Bc5+ 34. Ke2 Ra2+ 35. Kd3 Rxg2 36. Kc3 Rxg3+ 37. Kb2 Rxh3 38. Rd8+ Kh7 39. Be8 Rh2+ 40. Kc3 Bxc4 41. Kxc4 Be7 42. Rd7 Rc2+ 43. Kd3 Rb2 44. Rxe7 Rxb3+ 45. Kc4 Rf3 46. Bxf7 Rf6 47. Bxe6 h5 48.
Kd5 Kh6 49. Ke5 Rg6 50. Re8 Rg5+ 51. Kf4 Ra5 52. Rh8+ Kg6 53. Bd7 Kf6 54. Be8 g5+ 55. Kf3 Ra3+ 56. Ke4 h4 57. Rh6+ Ke7 58. Bc6 h3 59.
Kf5 Rg3 60. Bd5 g4 61. Kf4 Rg1 62. Be6 Rf1+ 63. Kxg4 Re1 64. Bd5 Re3 65. Bf3 Kf7 66. Rh7+ Kg6 67. Rxh3 Re6 68. Kf4 Kf6 69. Rg3 Re7 70.
Be4 Ke6 71. Rg6+ Kd7 72. Ra6 Ke8 73. Kf5 Kf7 74. Bd5+ Ke8 75. Kf6 Rc7 76. Ke6 Kd8 77. Bc6 Rc8 78. Kd6 Rb8 79. Ra7 Rc8 80. Rg7 Rc7 81.
Rg8# 1-0

[Event "*** Titled Tuesday Blitz"]
[Site "Chess.com"]
[Date "2021.04.20"]
[Round "11"]
[White "amintabatabaei"]
[Black "AryanTari"]
[Result "1/2-1/2"]
[WhiteElo "2995"]
[BlackElo "2899"]
[TimeControl "180+1"]
[EndTime "12:08:09 PDT"]
[Termination "Game drawn by repetition"]

1. d4 Nf6 2. Nf3 d5 3. e3 g6 4.
c4 c6 5. Nc3 Bg7 6. Be2 O-O 7.
O-O a5 8. b3 Ne4 9. Bb2 Nxc3 10. Bxc3 Nd7 11. cxd5 cxd5 12. a4 Nb8 13. Ne5 Nc6 14.
Nxc6 bxc6 15. Rc1 Qb6 16. Rb1 c5 17. dxc5 Qxc5 18. Bxg7 Kxg7 19. Rc1 Qb4 20. Qxd5 Be6 21. Qe5+ Kg8 22. Bc4 Bxc4 23. Rxc4 Qxb3 24. Rfc1 Rfd8 25.
h4 Rd1+ 26. Rxd1 Qxd1+ 27. Kh2 Qd7 28. Rd4 Qb7 29. h5 Qb8 30. Qxb8+ Rxb8 31. Rd5 Rb2 32. Kg3 f5 33. Rxa5 Ra2 34. h6 Kf7 35. Ra6 e6 36.
Ra7+ Kf6 37. Rxh7 Rxa4 38. Rh8 Kg5 39. f4+ Kh5 40. Kf3 Ra6 41. Ke2 Ra2+ 42. Kf3 Ra6 43. g3 Rb6 44. Ke2 g5 45. h7 Kg6 46. fxg5 Kg7 47.
Rf8 Kxh7 48. Rf6 Kg7 49. Kf3 Ra6 50. Kg2 Rb6 51. Kh3 Ra6 52. Rh6 Rb6 53. Kg2 Ra6 54. Kf3 Rb6 55. Ke2 Ra6 56. Kd2 Rd6+ 57. Kc3 Ra6 58. Kb3 Rc6 59. Rf6 Ra6 60. Kb4 Rd6 61. Kc5 Ra6 62. Kd4 Ra4+ 63. Kd3 Re4 64. Ke2 Re5 65. Kf3 Re4 66. Rh6 Kf7 67. Rh4 Re5 68. Kf4 Re4+ 69. Kf3 Re5 70. Rh6 Re4 71. Rf6+ Kg7 72.
Kf2 Re5 73. Ke2 Re4 74. Kf3 Re5 75. Rh6 Re4 76. Rh4 Re5 77. Ra4 Kg6 78. Kf4 Rb5 79.
Ra6 Rb4+ 80. Kf3 Re4 81. g4 Rxg4 82. Rxe6+ Kxg5 83. Re8 Ra4 84. Rg8+ Kf6 85. Rf8+ Ke6 86. Rb8 Kf6 87. Rf8+ Ke6 88. Rb8 Kf6 89. Rf8+ 1/2-1/2

[Event "*** Titled Tuesday Blitz"]
[Site "Chess.com"]
[Date "2021.04.20"]
[Round "11"]
[White "MFBerna"]
[Black "Agoking701"]
[Result "0-1"]
[WhiteElo "2486"]
[BlackElo "2333"]
[TimeControl "180+1"]
[EndTime "12:08:16 PDT"]
[Termination "Agoking701 won by checkmate"]

1. e4 e5 2. Nf3 Nc6 3. Bb5 Nf6 4.
O-O Nxe4 5. d4 Nd6 6. Bxc6 dxc6 7. dxe5 Nf5 8. Qxd8+ Kxd8 9. h3 Be7 10. Nc3 Ke8 11. b3 Be6 12. Rd1 h6 13. Bb2 Rd8 14. Ne2 g5 15. g4 Nh4 16. Nxh4 gxh4 17. Nf4 h5 18.
Nxh5 Bg5 19. f4 Rxh5 20. gxh5 Bxf4 21. Rxd8+ Kxd8 22. Rf1 Be3+ 23. Kh2 Ke7 24. Bc1 Bd4 25. Bg5+ Kf8 26. Bf6 Be3 27. Bxh4 Kg7 28. Bf6+ Kh6 29. Rd1 Bf4+ 30. Kg2 Bd5+ 31. Kf2 b5 32. Rd4 Bc1 33. c4 bxc4 34. bxc4 Be6 35. Rd8 Kxh5 36. Rh8+ Kg6 37. Bg7 Kxg7 38. Ra8 Ba3 39. Kf3 Bc5 40. Ke4 Bxc4 41.
a4 Bd5+ 42. Kf4 Bd4 43. h4 c5 44. Rc8 Be6 45. Rxc7 c4 46. a5 Bb2 47. Ke4 c3 48.
Rxa7 c2 49. Rc7 c1=Q 50. Rxc1 Bxc1 51. a6 Bh3 52. a7 Bg2+ 53. Kf5 Ba3 54. e6 Bh3+ 55.
Kg5 Bg2 56. exf7 Kxf7 57. Kh6 Bc1+ 58. Kh7 Kf6 59. h5 Ba8 60. h6 Bg5 61. Kh8 Bxh6 62.
Kg8 Be3 63. Kf8 Bxa7 64. Ke8 Bc6+ 65. Kd8 Bb6+ 66. Kc8 Be3 67. Kc7 Be4 68. Kd6 Bf4+ 69. Kc5 Ke5 70. Kc4 Bd5+ 71. Kc5 Be3+ 72. Kb5 Kd4 73.
Kb4 Bf4 74. Kb5 Bc7 75. Kb4 Bc6 76. Kb3 Bd6 77. Kc2 Ba4+ 78. Kd2 Bb5 79. Kc2 Bc4 80. Kd2 Bb4+ 81. Kd1 Kd3 82. Kc1 Bc3 83. Kd1 Bb3+ 84. Kc1 Bd4 85. Kb1 Kc3 86. Kc1 Be3+ 87. Kb1 Bc2+ 88. Ka2 Bc5 89. Ka1 Ba3 90. Ka2 Bc1 91. Ka1 Bb2+ 92. Ka2 Bb3+ 93. Kb1 Ba3 94. Ka1 Bf8 95.
Kb1 Bc2+ 96. Kc1 Bh6# 0-1